 Dungeon Crawl Stone Soup version 0.29.1-12-g30fa7ad0bf (webtiles) character file.

Game seed: 10331648891299902427

66 112233 the Magician (level 4, -1/27 HPs)
             Began as an Octopode Fire Elementalist on Dec 17, 2022.
             Killed from afar by Natasha (10 damage)
             ... with a puff of flame
             ... on level 2 of the Dungeon.
             The game lasted 00:01:27 (2563 turns).

112233 the Magician (Octopode Fire Elementalist)    Turns: 2563, Time: 00:01:27

Health: -1/27      AC:  1    Str:  7    XL:     4   Next: 15%
Magic:  4/9        EV: 13    Int: 19    God:
Gold:   48         SH:  0    Dex: 12    Spells: 7/10 levels left

rFire   . . .      SeeInvis .   c - +0 dagger
rCold   . . .      Faith    .   (no shield)
rNeg    . . .      Spirit   .   (helmet restricted)
rPois   .          Reflect  .   (no amulet)
rElec   .          Harm     .   (no ring)
rCorr   .          Rampage  .   (no ring)
Will    .....                   (no ring)
Stlth   +++.......              (no ring)
HPRegen 0.09/turn               (no ring)
MPRegen 0.11/turn               (no ring)
                                (no ring)
                                (no ring)

@: very slightly contaminated
A: almost no armour, amphibious, 8 rings, camouflage 1, gelatinous body 1,
(nimble swimmer 1), tentacles
a: no special abilities


You were on level 2 of the Dungeon.
You visited 1 branch of the dungeon, and saw 3 of its levels.

You collected 109 gold pieces.
You spent 61 gold pieces at shops.

Inventory:

Hand Weapons
 c - a +0 dagger (weapon)
Missiles
 l - 6 curare-tipped darts
Scrolls
 b - 2 scrolls of identify {unknown}
 d - a scroll of noise {unknown}
 f - a scroll of vulnerability {unknown}
 h - a scroll of blinking {unknown}
 i - a scroll of silence {unknown}
 j - a scroll of teleportation {unknown}
 k - a scroll of amnesia {unknown}
Potions
 a - 3 potions of magic
 e - a potion of heal wounds {unknown}
 g - a potion of curing


   Skills:
 - Level 2.0 Dodging
 - Level 2.7 Stealth
 + Level 3.9 Spellcasting
 - Level 1.0 Conjurations
 - Level 3.0 Fire Magic


You had 7 spell levels left.
You knew the following spells:

 Your Spells              Type           Power      Damage    Failure   Level
a - Foxfire               Conj/Fire      44%        2x1d6     6%          1
b - Scorch                Fire           30%        2d7       6%          2

Your spell library contained the following spells:

 Spells                   Type           Power      Damage    Failure   Level
 Conjure Flame            Conj/Fire      11%        6-21      19%         3
 Sublimation of Blood     Necr           3%         N/A       22%         2
 Inner Flame              Hex/Fire       9%         N/A       22%         3
 Flame Wave               Conj/Fire      11%        2d6       52%         4
 Petrify                  Tmut/Erth      3%         N/A       80%         4
 Irradiate                Conj/Tmut      2%         3d12      97%         5


Dungeon Overview and Level Annotations

Branches:
Dungeon (3/15)

Altars:
Fedhas

Shops:
D:1 *

Annotations:
D:2 Natasha


Innate Abilities, Weirdness & Mutations

You cannot wear most types of armour.
You are amphibious.
You can wear up to eight rings at the same time.
Your skin changes colour to match your surroundings (Stealth+).
Your rubbery body absorbs attacks. (AC +1, EV +1)
((You are camouflaged when in or above water. (Stealth+)))
You have tentacles for arms and can constrict up to eight enemies at once.


Message History

Natasha mumbles some strange words.
There are monsters nearby!
You climb upwards.
There is a stone staircase leading down here.
Unknown command.
You start resting.
Magic restored.
You start waiting.
Done waiting.
You climb downwards.
Level annotation: Natasha
There is a stone staircase leading up here.
Unknown command.
Casting: Scorch (safe; 6% risk of failure)
Confirm with . or Enter, or press ? or * to list all spells.
Flames lash Natasha.
Natasha is lightly wounded.
Natasha's fire resistance burns away.
Natasha claws you.
Unknown command.
Natasha is no longer more vulnerable to fire.
Natasha claws you.
You climb upwards.
There is a stone staircase leading down here.
Unknown command.
Casting: Scorch (safe; 6% risk of failure)
Confirm with . or Enter, or press ? or * to list all spells.
You miscast Scorch.
You are very lightly contaminated with residual magic.
Nothing appears to happen.
Natasha zaps a wand.
The puff of flame hits you!
Unknown command.
Casting: Scorch (safe; 6% risk of failure)
Confirm with . or Enter, or press ? or * to list all spells.
You conjure some foxfire!
Natasha barely misses you.
The foxfire hits Natasha.
Natasha is lightly wounded.
The foxfire hits Natasha.
Natasha is heavily wounded.
Natasha zaps a wand.
The puff of flame hits you!
You die...

####..# #.... #....##
#.... #.#### #####
#.# #.# ##.# #..#
###.### #.@...#
#.h...######
#.#.#......#
###.#+#...##.#######
#.............##...#
#...)....รท##...#...#
#..........##..#...#
###'######...<.'...##
#.# #####.#...'.


You could see Natasha.

Vanquished Creatures
  2 adders (D:2)
  A dart slug (D:2)
  An orc (D:2)
  9 ball pythons
  4 bats (D:2)
  An endoplasm (D:2)
  A giant cockroach (D:2)
  3 goblins
  4 hobgoblins
  2 quokkas (D:1)
  4 frilled lizards
  6 kobolds
  9 rats
47 creatures vanquished.

Vanquished Creatures (others)
  158 foxfires
158 creatures vanquished.

Grand Total: 205 creatures vanquished

Notes
Turn   | Place    | Note
-------+----------+-------------------------------------------
     0 | D:1      | 112233 the Octopode Fire Elementalist began the quest for
                  | the Orb.
     0 | D:1      | Reached XP level 1. HP: 11/11 MP: 3/3
   322 | D:1      | Reached XP level 2. HP: 17/17 MP: 1/5
  1172 | D:1      | Found a faded altar of an unknown god.
  1197 | D:1      | Found Sekluh's Assorted Antiques.
  1226 | D:1      | Bought 2 emerald potions for 39 gold pieces
  1226 | D:1      | Bought a scroll labelled BONIDI GOK for 22 gold pieces
  1390 | D:2      | Reached XP level 3. HP: 21/21 MP: 3/7
  1393 | D:2      | Learned a level 2 spell: Scorch
  1614 | D:2      | Found a blossoming altar of Fedhas.
  2186 | D:2      | Reached XP level 4. HP: 27/27 MP: 7/9
  2423 | D:3      | Noticed Natasha
  2563 | D:2      | Killed from afar by Natasha

Illustrated notes

Levels and vault maps discovered:
D:1:      saegor_arrival_simple_a, layout_loops_ring, serial_shops,
          nicolae_shop_advertising_works [nicolae_subvault_shop_adworks],
          basic_ecumenical_altar, chequers_serial_rivers_small_b,
          minmay_tetromino_s4
D:2:      layout_basic, basic_altar
D:3:      layout_loops_ring, serial_shops, nicolae_shop_stone, uniq_natasha,
          uniq_sigmund

Skill      XL: |  1  2 |
---------------+-------+-----
Spellcasting   | 3 |  3.9
Dodging        | |  2.0
Stealth        | |  2.7
Conjurations   | |  1.0
Fire Magic     | |  3.0

Action                   |  1- 3 |  4- 6 || total
-------------------------+-------+-------++-------
Melee: Unarmed           |     1 |       ||     1
       Constrict         |     1 |       ||     1
       Tentacles         |     1 |       ||     1
       Dagger            |     1 |       ||     1
 Cast: Foxfire           |    82 |    11 ||    93
       Scorch            |     4 |     3 ||     7
  Use: Potion            |     2 |       ||     2
Armor: Skin              |       |     1 ||     1
Dodge: Dodged            |    24 |     3 ||    27
